 Dungeon Crawl Stone Soup version 0.17-a0-1141-g3e25b61 (webtiles) character file.

99 onwiheg the Ruffian (level 4, 0/23 HPs)
             Began as a Vine Stalker Berserker on May 26, 2015.
             Was a Believer of Trog.
             Succumbed to 4thArraOfDagon's ghost's poison
             ... on level 3 of the Dungeon.
             The game lasted 00:04:04 (1846 turns).

onwiheg the Ruffian (Vine Stalker Berserker)        Turns: 1846, Time: 00:04:04

Health: 0/23       AC:  3    Str: 19    XL:     4   Next: 72%
Magic:  3/5        EV: 12    Int:  7    God:    Trog [**....]
Gold:   62         SH:  0    Dex: 15    Spells: 0 memorised, 3 levels left

rFire  . . .     SeeInvis .       - Unarmed
rCold  . . .     Clarity  .     a - +0 animal skin
rNeg   . . .     SustAt   .     (no shield)
rPois  .         Gourm    .     (no helmet)
rElec  .         Spirit   +     g - +0 cloak
rCorr  .         Warding  .     (no gloves)
rMut   .         Stasis   .     (no boots)
MR     .....                    (no amulet)
Stlth  ..........               (no ring)
                                u - ring of loudness (curse)

@: lethally poisoned (0 -> -18), exhausted, slowed, very slow, not resistant to
hostile enchantments, extremely unstealthy
A: fangs 2, regeneration 1, magic shield, antimagic bite, no device heal 3, rot
immunity
a: Burn Spellbooks, Berserk, Trog's Hand, Renounce Religion


You were on level 3 of the Dungeon.
You worshipped Trog.
Trog was pleased with you.
You were hungry.

You visited 1 branch of the dungeon, and saw 3 of its levels.

You collected 62 gold pieces.

Inventory:

Missiles
 o - 9 poisoned needles
Armour
 a - a +0 animal skin (worn)
 g - a +0 cloak (worn)
Jewellery
 u - a cursed ring of loudness (left hand)
Magical devices
 r - a wand of fireball (3)
Scrolls
 d - 3 scrolls of identify {unknown}
 f - 4 scrolls of remove curse {unknown}
 i - a scroll of blinking {unknown}
 j - 3 scrolls of fear {unknown}
 k - 2 scrolls of teleportation {unknown}
 l - 2 scrolls of immolation {unknown}
 q - a scroll of noise {unknown}
 s - a scroll of enchant weapon {unknown}
Potions
 e - a potion of curing {unknown}
 h - a potion of ambrosia {unknown}
 m - a potion of lignification {unknown}
 n - a potion of brilliance {unknown}
 p - a potion of cure mutation {unknown}
 t - a potion of heal wounds {unknown}
 x - a potion of mutation {unknown}
Comestibles
 b - 3 bread rations
 c - 2 meat rations
 v - 4 fruits
 w - a slice of pizza


   Skills:
 - Level 2.6 Fighting
 - Level 1.5 Armour
 - Level 1.5 Dodging
 + Level 5.3 Unarmed Combat


You had 3 spell levels left.
You didn't know any spells.

Dungeon Overview and Level Annotations

Branches:
Dungeon (3/15)

Altars:


Innate Abilities, Weirdness & Mutations

You have extremely sharp teeth.
Your natural rate of healing is unusually fast.
When hurt, damage is shared between your health and your magic reserves.
Your bite disrupts and absorbs the magic of your enemies.
Potions and wands cannot restore your health.
You are immune to rotting.


Message History

You feel a strong urge to attack something.
* * * LOW HITPOINT WARNING * * *
You feel sick.
You are no longer berserk.
You are exhausted.
You feel yourself slow down.
You are feeling hungry.
* * * LOW HITPOINT WARNING * * *
You feel sick.
There is an open door here.
There is a lethal amount of poison in your body!
Use which ability? (? or * to list)
Okay, then.
Eat which item? (? for menu, Esc to quit)
Okay, then.
Drink which item? (? for menu, Esc to quit)
Okay, then.
* * * LOW HITPOINT WARNING * * *
You feel very sick.
You die...

#### ...################
##.#.....#......@.#
#.#.#.....######.#
##.#.#.#.########'########
...#.#.#.#...##...........
.....#.#.#.#.##...........
######.#.#.#.##...........
.......#.#.#.##...........
########(#.#.#....########
#.#.#.#.####


There were no monsters in sight!

Vanquished Creatures
  The ghost of 4thArraOfDagon the Charmwright, a weakling DgSk (D:3)
  2 oozes (D:2)
  7 bats
  3 giant cockroaches
  6 goblins
  3 hobgoblins
  3 jackals (D:2)
  3 giant geckos
  3 giant newts (D:1)
  7 kobolds
  3 quokkas
  4 rats
45 creatures vanquished.

Vanquished Creatures (others)
  A kobold (D:2)
1 creature vanquished.

Grand Total: 46 creatures vanquished

Notes
Turn   | Place    | Note
--------------------------------------------------------------
     0 | D:1      | onwiheg the Vine Stalker Berserker began the quest for the Orb.
     0 | D:1      | Reached XP level 1. HP: 11/11 MP: 2/2
   365 | D:1      | Reached XP level 2. HP: 16/16 MP: 3/3
   762 | D:1      | Reached skill level 4 in Unarmed Combat
   885 | D:2      | Reached XP level 3. HP: 19/19 MP: 4/4
   973 | D:2      | Acquired Trog's second power
  1780 | D:3      | Reached XP level 4. HP: 21/23 MP: 5/5
  1831 | D:3      | Noticed 4thArraOfDagon's ghost (weakling DgSk)
  1841 | D:3      | Killed 4thArraOfDagon's ghost
  1841 | D:3      | Reached skill level 5 in Unarmed Combat
  1846 | D:3      | Succumbed to 4thArraOfDagon's ghost's poison

Vault maps used:
D:1:      dpeg_arrival_circle_labyrinth_c, hangedman_glass_teeth
D:2:      first_bread

Action                   |  1- 3 |  4- 6 || total
-------------------------+-------+-------++-------
Melee: Unarmed           |   134 |     8 ||   142
Invok: Berserk           |       |     1 ||     1
 Stab: Sleeping          |     4 |       ||     4
  Eat: Chunk             |     3 |       ||     3
